 Dungeon Crawl Stone Soup version 0.28-a0-21-gf74fda84f9 (webtiles) character file.

Game seed: 7589893387484600678

324 dracfodder the Digger (level 6, -3/32 HPs)
             Began as a Gargoyle Earth Elementalist on July 26, 2021.
             Slain by SkeletonJelly's ghost (13 damage)
             ... on level 3 of the Dungeon.
             The game lasted 00:25:33 (4813 turns).

dracfodder the Digger (Gargoyle Earth Elementalist) Turns: 4813, Time: 00:25:34

Health: -3/32      AC:  7    Str: 11    XL:     6   Next: 48%
Magic:  2/12       EV: 12    Int: 18    God:
Gold:   121        SH:  0    Dex: 10    Spells: 4/13 levels left

rFire   . . .      SeeInvis .   a - +0 dagger (elec)
rCold   . . .      Faith    .   (no shield)
rNeg    + . .      Spirit   .   i - +0 robe
rPois   ∞          Reflect  .   (no helmet)
rElec   +          Harm     .   (no cloak)
rCorr   .          Rampage  .   r - +0 pair of gloves
Will    .....                   (no boots)
Stlth   ++........              (no amulet)
HPRegen 0.10/turn               h - ring of wizardry
MPRegen 0.13/turn               (no ring)

@: very slightly contaminated, invisible
A: sickness immunity, AC +4, negative energy resistance 1, electricity
resistance, torment resistance 1, petrification resistance
a: no special abilities


You were on level 3 of the Dungeon.
You visited 1 branch of the dungeon, and saw 5 of its levels.

You collected 121 gold pieces.

Inventory:

Hand Weapons
 a - a +0 dagger of electrocution (weapon)
 b - a +0 hunting sling
 j - a +0 shortbow
Missiles
 c - 63 stones
 f - 29 sling bullets
 l - 58 bolts
 m - 28 poisoned darts
 s - 2 boomerangs
 t - 40 arrows
Armour
 i - a +0 robe (worn)
 r - a +0 pair of gloves (worn)
 v - a +1 hat
Jewellery
 h - a ring of wizardry (left hand)
Scrolls
 k - 2 scrolls of amnesia
Potions
 d - 2 potions of flight
 e - 2 potions of berserk rage
 n - a potion of haste {unknown}
 o - a potion of lignification
 p - a potion of cancellation {unknown}
 q - a potion of curing {unknown}
 u - a potion of degeneration {unknown}
 w - a potion of heal wounds


   Skills:
 + Level 0.1 Slings
 + Level 1.6 Dodging
 + Level 2.3 Stealth
 * Level 4.2 Spellcasting
 * Level 1.2 Conjurations
 + Level 0.8 Transmutations
 * Level 1.4 Fire Magic
 * Level 5.9 Earth Magic


You had 4 spell levels left.
You knew the following spells:

 Your Spells              Type           Power      Damage    Failure   Level
a - Sandblast             Erth           50%        2d12      1%          1
b - Foxfire               Conj/Fire      32%        2x1d5     3%          1
c - Stone Arrow           Conj/Erth      32%        3d9       4%          3
d - Passwall              Tmut/Erth      13%        N/A       2%          2
e - Static Discharge      Conj/Air       6%         N/A       7%          2

Your spell library contained the following spells:

 Spells                   Type           Power      Damage    Failure   Level
 Conjure Flame            Conj/Fire      8%         6-21      10%         3
 Inner Flame              Hex/Fire       6%         N/A       13%         3
 Petrify                  Tmut/Erth      16%        N/A       14%         4
 Tukima's Dance           Hex            3%         N/A       17%         3
 Sticky Flame             Conj/Fire      8%         2d3       32%         4
 Dispel Undead            Necr           3%         3d7       47%         4
 Passage of Golubria      Tloc           N/A        N/A       47%         4
 Yara's Violent Unravell  Hex/Tmut       2%         3d3       77%         5


Dungeon Overview and Level Annotations

Branches:
Dungeon (5/15)
 Temple: D:4-7

Altars:
Fedhas

Annotations:
D:3 SkeletonJelly's ghost, amateur DrFi
D:4 2 transporters, pkoi's ghost, amateur MiHu


Innate Abilities, Weirdness & Mutations

You are immune to sickness and miasma.
Your stone body is resilient. (AC +4)
You are immune to poison.
You resist negative energy. (rN+)
You are resistant to electric shocks. (rElec)
You are resistant to unholy torment.
You are immune to petrification.


Message History

SkeletonJelly's ghost hits you.
Casting: Sandblast (safe; 1% risk of failure)
Confirm with . or Enter, or press ? or * to list all spells.
You miscast Static Discharge.
You are very lightly contaminated with residual magic.
Nothing appears to happen.
SkeletonJelly's ghost hits you!
Aiming: Sandblast (safe; 1% risk of failure)
Press: ? - help, Q - select action, (/) - cycle Shift-Dir - straight line, f/p - SkeletonJelly's ghost
Aim: SkeletonJelly's ghost (lightly damaged, 81% to hit)
The blast of sand hits SkeletonJelly's ghost!
SkeletonJelly's ghost is moderately damaged.
SkeletonJelly's ghost hits you!
* * * LOW HITPOINT WARNING * * *
It was a potion of heal wounds.
You feel much better.
SkeletonJelly's ghost completely misses you.
You fade into invisibility!
SkeletonJelly's ghost barely misses you.
Aiming: Sandblast (safe; 1% risk of failure)
Press: ? - help, Q - select action, (/) - cycle Shift-Dir - straight line, f/p - SkeletonJelly's ghost
Aim: SkeletonJelly's ghost (moderately damaged, 81% to hit)
The blast of sand hits SkeletonJelly's ghost but does no damage.
SkeletonJelly's ghost is moderately damaged.
SkeletonJelly's ghost hits you!
Aiming: Sandblast (safe; 1% risk of failure)
Press: ? - help, Q - select action, (/) - cycle Shift-Dir - straight line, f/p - SkeletonJelly's ghost
Aim: SkeletonJelly's ghost (moderately damaged, 81% to hit)
The blast of sand hits SkeletonJelly's ghost but does no damage.
SkeletonJelly's ghost is moderately damaged.
SkeletonJelly's ghost hits you.
* * * LOW HITPOINT WARNING * * *
Casting: Sandblast (safe; 1% risk of failure)
Confirm with . or Enter, or press ? or * to list all spells.
SkeletonJelly's ghost is struck by an arc of lightning.
SkeletonJelly's ghost is moderately damaged.
The lightning grounds out.
SkeletonJelly's ghost screams, "I have seen your future, and it is all used up."
SkeletonJelly's ghost closely misses you.
SkeletonJelly's ghost whispers, "There is no future for you."
SkeletonJelly's ghost hits you!
You die...

..# ### #########
#####.......######
.................#
....##.###'''###.#
##...#.#......S#b#
.##..#.#.......#g#
..##...#.#...#.#W#
...#...#..#.#.J#@##
...#...#.#...#.#.>#
...#...#...=$..#..###
..##...#.......#....#
.###...#########..###
## #..............#
.###.####.#######.#
..##.# #.# #.# ...#.#
#.# #.#


You could see SkeletonJelly's ghost, an adder, an endoplasm, a hobgoblin and a
bat.

Vanquished Creatures
  A necrophage (D:4)
  An orc wizard (D:4)
  5 gnolls
  A howler monkey skeleton (D:4)
  7 adders
  2 dart slugs
  7 orcs
  3 bats
  7 endoplasms
  3 giant cockroaches
  5 goblins
  8 hobgoblins
  8 jackals (D:1)
  3 quokkas
  7 ball pythons
  8 kobolds
  5 rats
81 creatures vanquished.

Vanquished Creatures (others)
  41 foxfires
41 creatures vanquished.

Grand Total: 122 creatures vanquished

Notes
Turn   | Place    | Note
-------+----------+-------------------------------------------
     0 | D:1      | dracfodder the Gargoyle Earth Elementalist began the quest
                  | for the Orb.
     0 | D:1      | Reached XP level 1. HP: 10/10 MP: 3/3
   235 | D:1      | Reached skill level 4 in Earth Magic
   374 | D:1      | Reached XP level 2. HP: 15/15 MP: 3/5
   392 | D:1      | Learned a level 1 spell: Foxfire
   703 | D:2      | Reached XP level 3. HP: 17/19 MP: 2/7
  1098 | D:1      | Learned a level 3 spell: Stone Arrow
  1101 | D:1      | Learned a level 2 spell: Passwall
  1380 | D:2      | Reached XP level 4. HP: 24/24 MP: 5/9
  2157 | D:2      | Identified a scroll of acquirement
  2157 | D:2      | Acquired a book of Touch
  2164 | D:2      | Learned a level 2 spell: Static Discharge
  2312 | D:2      | Found a faded altar of an unknown god.
  2656 | D:3      | Reached XP level 5. HP: 28/28 MP: 3/10
  2967 | D:3      | Found a runed translucent gate.
  2967 | D:3      | Found a runed translucent gate.
  2970 | D:3      | Found a runed translucent gate.
  2972 | D:3      | Noticed SkeletonJelly's ghost (amateur DrFi)
  3393 | D:4      | Reached skill level 1 in Fire Magic
  3526 | D:4      | Reached skill level 1 in Conjurations
  3551 | D:4      | Reached skill level 5 in Earth Magic
  3660 | D:4      | Noticed a necrophage
  3670 | D:4      | Killed a necrophage
  3671 | D:4      | Reached XP level 6. HP: 32/32 MP: 4/12
  3751 | D:5      | Entered Level 5 of the Dungeon
  4054 | D:4      | Found a blossoming altar of Fedhas.
  4455 | D:4      | Noticed pkoi's ghost (amateur MiHu)
  4457 | D:4      | Found a transporter.
  4474 | D:4      | Found a transporter.
  4813 | D:3      | Slain by SkeletonJelly's ghost

Illustrated notes

Levels and vault maps discovered:
D:1:      psy_arrival_conway, layout_rooms, minmay_splitting_lines
D:2:      layout_basic, shapermc_ecumenical_altar_petra
D:3:      kennysheep_six_static_rooms, layout_basic, gammafunk_ghost_split
D:4:      layout_layer_cave, mainiacjoe_overflow_alcove_2, gammafunk_ghost_smash
D:5:      layout_basic, dk_yredelemnul_ordeal, minmay_temple_entry_stoned_glass

Skill      XL: |  1  2  3  4  5 |
---------------+----------------+-----
Earth Magic    | 4 5 |  5.9
Spellcasting   | 3 4 |  4.2
Fire Magic     | 1 |  1.4
Conjurations   | 1 |  1.2
Slings         | |  0.1
Dodging        | |  1.6
Stealth        | |  2.3
Transmutations | |  0.8

Action                   |  1- 3 |  4- 6 || total
-------------------------+-------+-------++-------
Melee: Unarmed           |    23 |       ||    23
       Dagger            |     6 |    10 ||    16
 Fire: Hunting sling     |     8 |     5 ||    13
 Cast: Sandblast         |    35 |    71 ||   106
       Foxfire           |     6 |    17 ||    23
       Static Discharge  |       |    10 ||    10
       Stone Arrow       |       |     3 ||     3
  Use: Scroll            |       |    13 ||    13
       Potion            |       |     2 ||     2
Armor: Robe              |    13 |    15 ||    28
Dodge: Dodged            |    31 |    19 ||    50

Table legend: (Time is in decaauts)
 A = Elapsed time spent in this place.
 B = Non-inter-level travel time spent in this place.
 C = Inter-level travel time spent in this place.
 D = Time resting spent in this place.
 E = Time spent auto-exploring this place.
 F = Levels seen in this place.
 G = Mean time per level.
                   A        B        C        D        E       F      G
               +--------+--------+--------+--------+--------+-----+--------+
         Total |   4814 |   4727 |     87 |   1724 |   2271 |   5 |  962.8 |
       Dungeon |   4814 |   4727 |     87 |   1724 |   2271 |   5 |  962.8 |
               +--------+--------+--------+--------+--------+-----+--------+

Top non-repeatable levels by time:
     D:4: 1400 daAuts
     D:1: 1210 daAuts
     D:2: 1167 daAuts
     D:3: 1035 daAuts
     D:5: 1 daAuts
